 Dungeon Crawl Stone Soup version 0.13-a0-1585-g6f4f798 (webtiles) character file.

435 Kae the Cudgeler (level 5, 0/47 HPs)
             Began as a Minotaur Berserker on June 12, 2013.
             Was a Priest of Trog.
             Succumbed to a kobold's poison
             ... on Level 3 of the Dungeon.
             The game lasted 00:03:10 (2598 turns).

Kae the Cudgeler (Minotaur Berserker)               Turns: 2598, Time: 00:03:10

HP   0/47        AC  5     Str 21      XL: 5   Next: 78%
MP   1/1         EV 13     Int  3      God: Trog [***...]
Gold 197         SH  0     Dex 11      Spells:  0 memorised,  4 levels left

Res.Fire  : . . .   See Invis. : .   a - +0 mace
Res.Cold  : . . .   Warding    : .   b - +0 animal skin
Life Prot.: . . .   Conserve   : .   (no shield)
Res.Poison: .       Res.Corr.  : .   (helmet restricted)
Res.Elec. : .       Clarity    : .   d - +0 cloak
Sust.Abil.: . .     Spirit.Shd : .   (no gloves)
Res.Mut.  : .       Stasis     : .   (no boots)
Res.Rott. : .       Flight     : .   (no amulet)
Saprovore : . . .                    (no ring)
                                     (no ring)

@: mildly poisoned, slightly resistant to hostile enchantments, unstealthy
A: retaliatory headbutt, horns 2, blink 1, AC +2, Int -1
a: Blink, Burn Spellbooks, Berserk, Trog's Hand, Renounce Religion


You were on level 3 of the Dungeon.
You worshipped Trog.
Trog was greatly pleased with you.
You were hungry.

You visited 1 branch of the dungeon, and saw 3 of its levels.

You collected 177 gold pieces.

Inventory:

Hand weapons
 a - a +0,+0 mace (weapon)
Armour
 b - a +0 animal skin (worn)
 d - a +0 cloak (worn)
Magical devices
 s - a wand of paralysis (9) {unknown}
Comestibles
 c - 5 bread rations
 f - a honeycomb
 k - a meat ration
 t - an apricot
Scrolls
 h - 2 scrolls of curse armour {unknown}
 j - a scroll of identify {unknown}
 l - 4 scrolls of remove curse {unknown}
 q - a scroll of noise {unknown}
 r - 2 scrolls of teleportation {unknown}
 u - 5 scrolls of random uselessness {unknown}
 v - a scroll of blinking {unknown}
 w - a scroll of curse jewellery {unknown}
Jewellery
 e - a +2 ring of strength {unknown}
 m - a cursed -3 ring of evasion {unknown}
Potions
 n - a potion of might {unknown}
 o - a potion of heal wounds {unknown}
 p - a potion of agility {unknown}


   Skills:
 + Level 5.1 Fighting
 * Level 5.5 Maces & Flails
 + Level 3.7 Armour
 + Level 3.5 Dodging


You had 4 spell levels left.
You didn't know any spells.

Dungeon Overview and Level Annotations

Branches:
Dungeon (3/27)

Altars:
Cheibriados
Trog


Innate Abilities, Weirdness & Mutations

You reflexively headbutt those who attack you in melee.
You have a pair of horns on your head.
You are partially covered in yellow scales (AC +2).
You can translocate small distances at will.
You are dopey (Int -1).


Message History

Trog is greatly pleased with you.
* * * LOW HITPOINT WARNING * * *
You feel sick.
You offer a prayer to Trog.
Trog is greatly pleased with you.
* * * LOW HITPOINT WARNING * * *
You feel sick.
Drink which item? (? for menu, Esc to quit)
You suddenly lose the ability to move!
It was a potion of paralysis.
* * * LOW HITPOINT WARNING * * *
You feel sick.
* * * LOW HITPOINT WARNING * * *
You feel sick.
You feel a little better.
* * * LOW HITPOINT WARNING * * *
You feel sick.
You can move again.
Drink which item? (? for menu, Esc to quit)
You feel refreshed.
It was a potion of restore abilities.
You die...

.##)).............# ##....#)[.
..................#### #...)#.(.
......^#.............####....#...
...^...#.............#.......###.
.......###.#######...#.......#...
.......##......# #...#...#####.#.
.......##......# #..........)..#.
#########......###.............#.
#.......@).(.............
#......######(.(......#..
######........# #.........#..
#.............# #.........#..
#........##...# ###########..
#........###### #.. ##########
#.. #.. #..


There were no monsters in sight!

Vanquished Creatures
  An orc priest (D:3)
  An orc wizard (D:3)
  A deep elf soldier (D:3)
  Jessica (D:3)
  3 adders
  3 gnolls (D:3)
  A giant mite (D:2)
  A giant gecko (D:2)
  An ooze (D:2)
  7 orcs (D:3)
  2 ball pythons
  12 bats
  7 giant cockroaches
  3 goblins
  11 hobgoblins
  7 jackals (D:2)
  5 kobolds
  4 giant newts
  7 rats
78 creatures vanquished.

Notes
Turn   | Place    | Note
--------------------------------------------------------------
     0 | D:1      | Kae, the Minotaur Berserker, began the quest for the Orb.
     0 | D:1      | Reached XP level 1. HP: 19/19 MP: 0/0
   132 | D:1      | Reached skill level 4 in Fighting
   315 | D:1      | Reached XP level 2. HP: 19/27 MP: 0/0
   791 | D:2      | Acquired Trog's second power
   834 | D:2      | Reached XP level 3. HP: 28/33 MP: 1/1
  1253 | D:3      | Reached XP level 4. HP: 35/40 MP: 1/1
  1402 | D:3      | Found a bloodstained altar of Trog.
  1648 | D:3      | Found a snail-covered altar of Cheibriados.
  1815 | D:3      | Noticed Jessica
  1819 | D:3      | Reached skill level 5 in Maces & Flails
  1819 | D:3      | Reached XP level 5. HP: 14/47 MP: 1/1
  1837 | D:3      | Gained mutation: You are dopey (Int -1). [potion of mutation]
  1837 | D:3      | Gained mutation: You are partially covered in yellow scales (AC +2). [potion of mutation]
  1837 | D:3      | Gained mutation: You can translocate small distances at will. [potion of mutation]
  1838 | D:3      | HP: 2/47 [Jessica/elven dagger (4)]
  1839 | D:3      | Killed Jessica
  1839 | D:3      | Reached skill level 5 in Fighting
  2591 | D:3      | Paralysed by a potion of paralysis for 7 turns
  2591 | D:3      | HP: 2/47 [poisoned by a kobold]
  2596 | D:3      | HP: 1/47 [poisoned by a kobold]
  2598 | D:3      | Succumbed to a kobold's poison

Action                   |  1- 3 |  4- 6 || total
-------------------------+-------+-------++-------
Melee: Mace              |    83 |    82 ||   165
Invok: Berserk           |       |     3 ||     3
  Use: Potion            |       |     7 ||     7
